 Dungeon Crawl Stone Soup version 0.30-a0-918-g0ff054e9dc (webtiles) character file.

Game seed: 8340662913683817463

49 BlueFish the Insei (level 3, -2/23 HPs)
             Began as an Octopode Transmuter on Mar 21, 2023.
             Slain by a hound (5 damage)
             ... on level 4 of the Dungeon.
             The game lasted 00:02:28 (1090 turns).

BlueFish the Insei (Octopode Transmuter)            Turns: 1090, Time: 00:02:28

Health: -2/23      AC:  1    Str: 11    XL:     3   Next: 77%
Magic:  5/6        EV: 13    Int: 15    God:
Gold:   80         SH:  0    Dex: 12    Spells: 3/6 levels left

rFire   . . .      SeeInvis .      - Unarmed
rCold   . . .      Faith    .    (no shield)
rNeg    + . .      Spirit   .    (helmet currently unavailable)
rPois   .          Reflect  .    (no amulet)
rElec   .          Rampage  .    b - ring of positive energy
rCorr   .                        (no ring)
Will    .....                    (no ring)
Stlth   +++                      (no ring)
HPRegen 0.23/turn                (no ring)
MPRegen 0.10/turn                (no ring)
                                 (no ring)
                                 (no ring)

@: lethally poisoned (-2 -> -8), appendages
A: tentacle spike 3, almost no armour, amphibious, 8 rings, camouflage 1,
gelatinous body 1, (nimble swimmer 1), tentacles
a: End Transformation


You were on level 4 of the Dungeon.
One of your tentacles had grown a beastly spike.
You visited 1 branch of the dungeon, and saw 3 of its levels.

You collected 80 gold pieces.

Inventory:

Missiles
 g - 9 poisoned darts
Jewellery
 b - a ring of positive energy (left tentacle)
Scrolls
 d - a scroll of torment {unknown}
 e - a scroll of magic mapping {unknown}
 h - a scroll of silence {unknown}
 i - a scroll of immolation {unknown}
Potions
 a - a potion of lignification
 c - a potion of flight {unknown}
 f - a potion of ambrosia {unknown}
 j - a potion of degeneration {unknown}
 k - a potion of cancellation {unknown}
 l - a potion of curing {unknown}


   Skills:
 + Level 1.4 Fighting
 + Level 2.4 Dodging
 * Level 2.4 Stealth
 + Level 3.1 Unarmed Combat
 + Level 2.3 Spellcasting
 + Level 2.3 Transmutations


You had 3 spell levels left.
You knew the following spells:

 Your Spells              Type           Power      Damage    Failure   Level
a - Beastly Appendage     Tmut           16%        N/A       9%          1
b - Wereblood             Tmut           8%         N/A       12%         2

Your spell library contained the following spells:

 Spells                   Type           Power      Damage    Failure   Level
 Magic Dart               Conj           4%         1d3       22%         1
 Searing Ray              Conj           2%         2d4       32%         2
 Spider Form              Tmut/Pois      5%         N/A       36%         3
 Ice Form                 Ice/Tmut       5%         N/A       78%         4
 Fulminant Prism          Conj/Hex       0%         3d5       91%         4


Dungeon Overview and Level Annotations

Branches:
Dungeon (2/15)

Altars:


Innate Abilities, Weirdness & Mutations

One of your tentacles has grown a beastly spike.
You cannot wear most types of armour.
You are amphibious.
You can wear up to eight rings at the same time.
Your skin changes colour to match your surroundings (Stealth+).
Your rubbery body absorbs attacks. (AC +1, EV +1)
((You are camouflaged when in or above water. (Stealth+)))
You have tentacles for arms and can constrict up to eight enemies at once.


Message History

You squeeze the hound.
The hound is moderately wounded.
The hound closely misses you.
Casting: Beastly Appendage (safe; 9% risk of failure)
Confirm with . or Enter, or press ? or * to list all spells.
One of your tentacles grows a vicious spike.
The hound bites you but does no damage. The hound closely misses you.
You barely miss the scorpion. You grab the scorpion.
You pierce the scorpion, but do no damage.
You constrict the scorpion, but do no damage.
The hound pauses to sniff the ground.
The hound completely misses you. The scorpion barely misses you.
You tentacle-slap the scorpion.
You squeeze the scorpion, but do no damage.
The scorpion is lightly wounded.
You constrict the scorpion. The hound barely misses you.
The scorpion stings you. The hound misses you.
You tentacle-slap the scorpion.
You pierce the scorpion, but do no damage.
You squeeze the scorpion, but do no damage.
The scorpion is heavily wounded.
You constrict the scorpion. The hound completely misses you.
The scorpion stings you.
You are poisoned.
The scorpion poisons you!
You tentacle-slap the scorpion but do no damage.
You pierce the scorpion, but do no damage.
You squeeze the scorpion, but do no damage.
The scorpion is heavily wounded.
You constrict the scorpion.
You feel very sick. The hound closely misses you. The scorpion stings you.
* * * LOW HITPOINT WARNING * * *
You barely miss the scorpion.
You pierce the scorpion, but do no damage.
The scorpion is severely wounded.
You constrict the scorpion.
* * * LOW HITPOINT WARNING * * *
You feel sick. The hound bites you.
You die...

.. .# ..
########.# ..>
#........###...
#..............
#..............
#......h.O...$.
#......@s#
#........#
#........#
#........#### .
#..........[##
.
###########..##
# ##..# ##.##
#.# #..# #.#


You could see an ogre, a scorpion and a hound.

Vanquished Creatures
  An adder (D:2)
  2 endoplasms
  2 goblins (D:1)
  5 hobgoblins
  4 quokkas
  5 ball pythons
  5 bats
  A frilled lizard (D:1)
  7 kobolds
  7 rats
39 creatures vanquished.

Notes
Turn   | Place    | Note
-------+----------+-------------------------------------------
     0 | D:1      | BlueFish the Octopode Transmuter began the quest for the
                  | Orb.
     0 | D:1      | Reached XP level 1. HP: 13/13 MP: 3/3
    85 | D:1      | Reached skill level 1 in Stealth
    92 | D:1      | Reached XP level 2. HP: 18/18 MP: 5/5
   570 | D:1      | Reached XP level 3. HP: 23/23 MP: 6/6
   573 | D:1      | Learned a level 2 spell: Wereblood
  1003 | D:2      | You fall into a shaft and drop 2 floors!
  1083 | D:4      | Noticed a scorpion
  1083 | D:4      | Noticed an ogre
  1090 | D:4      | Slain by a hound

Illustrated notes

Levels and vault maps discovered:
D:1:      nicolae_arrival_washed_ashore, layout_loops_ring,
          minmay_misc_feat_rows, minmay_pentomino_p4
D:2:      layout_loops_corners, basic_altar, minmay_quadrilaterals, uniq_terence
D:4:      layout_basic, vehumet_altar_wand_db, minivault_5, uniq_robin

Skill      XL: |  1  2 |
---------------+-------+-----
Stealth        | 1 2 |  2.4
Fighting       | |  1.4
Dodging        | |  2.4
Unarmed Combat | |  3.1
Spellcasting   | |  2.3
Transmutations | |  2.3

Action                     || total
---------------------------++-------
  Melee: Unarmed           ||    87
         Tentacles         ||    14
         Constrict         ||    18
         Punch             ||     3
         Kick              ||     5
   Cast: Beastly Appendage ||     2
   Stab: Sleeping          ||     5
 Armour: Skin              ||     3
  Dodge: Dodged            ||    55

Table legend: (Time is in decaauts)
 A = Elapsed time spent in this place.
 B = Non-inter-level travel time spent in this place.
 C = Inter-level travel time spent in this place.
 D = Time resting spent in this place.
 E = Time spent auto-exploring this place.
 F = Levels seen in this place.
 G = Mean time per level.
                   A        B        C        D        E       F      G
               +--------+--------+--------+--------+--------+-----+--------+
         Total |   1084 |   1069 |     15 |      0 |    732 |   3 |  361.3 |
       Dungeon |   1084 |   1069 |     15 |      0 |    732 |   3 |  361.3 |
               +--------+--------+--------+--------+--------+-----+--------+

Top non-repeatable levels by time:
     D:1: 775 daAuts
     D:2: 222 daAuts
     D:4: 86 daAuts
